 Dungeon Crawl Stone Soup version 0.28-a0-476-g0f06bd746f (webtiles) character file.

Game seed: 6892936986075936727

225 frimble the Sneak (level 6, -1/36 HPs)
             Began as an Octopode Venom Mage on Sept 17, 2021.
             Killed from afar by Sigmund (8 damage)
             ... with a puff of flame
             ... on level 4 of the Dungeon.
             The game lasted 00:06:18 (4995 turns).

frimble the Sneak (Octopode Venom Mage)             Turns: 4995, Time: 00:06:19

Health: -1/36      AC:  1    Str: 13    XL:     6   Next: 1%
Magic:  4/9        EV: 13    Int: 20    God:
Gold:   133        SH:  0    Dex: 12    Spells: 4/9 levels left

rFire   . . .      SeeInvis .   (no weapon)
rCold   . . .      Faith    .   (no shield)
rNeg    . . .      Spirit   .   (helmet restricted)
rPois   .          Reflect  .   (no amulet)
rElec   .          Harm     .   k - +6 ring of strength
rCorr   .          Rampage  .   (no ring)
Will    .....                   (no ring)
Stlth   ++++......              (no ring)
HPRegen 0.12/turn               (no ring)
MPRegen 0.11/turn               (no ring)
                                (no ring)
                                (no ring)

@: no status effects
A: almost no armour, amphibious, 8 rings, camouflage 1, gelatinous body 1,
(nimble swimmer 1), tentacles
a: no special abilities


You were on level 4 of the Dungeon.
You visited 1 branch of the dungeon, and saw 4 of its levels.

You collected 133 gold pieces.

Inventory:

Hand Weapons
 e - a +0 dagger
Missiles
 d - 17 poisoned darts (quivered)
Jewellery
 k - a +6 ring of strength (left tentacle)
Wands
 f - a wand of flame (17)
Scrolls
 i - 2 scrolls of amnesia
Potions
 a - a potion of resistance
 b - 3 potions of curing
 c - a potion of cancellation {unknown}
 g - a potion of flight {unknown}


   Skills:
 - Level 2.1 Dodging
 + Level 6.2 Stealth
 - Level 2.0 Spellcasting
 - Level 1.1 Transmutations
 + Level 6.0 Poison Magic


You had 4 spell levels left.
You knew the following spells:

 Your Spells              Type           Power      Damage    Failure   Level
a - Sting                 Tmut/Pois      64%        1d6       3%          1
b - Olgreb's Toxic Radia  Pois           26%        N/A       13%         4

Your spell library contained the following spells:

 Spells                   Type           Power      Damage    Failure   Level
 Poisonous Vapours        Pois/Air       28%        N/A       7%          2
 Mephitic Cloud           Conj/Pois/Air  10%        N/A       21%         3


Dungeon Overview and Level Annotations

Branches:
Dungeon (4/15)
 Temple: D:4-7

Altars:
Kikubaaqudgha
Yredelemnul

Annotations:
D:4 Sigmund


Innate Abilities, Weirdness & Mutations

You cannot wear most types of armour.
You are amphibious.
You can wear up to eight rings at the same time.
Your skin changes colour to match your surroundings (Stealth+).
Your rubbery body absorbs attacks. (AC +1, EV +1)
((You are camouflaged near water. (Stealth+)))
You have tentacles for arms and can constrict up to eight enemies at once.


Message History

The ball python closely misses you. Something hits you!
The ball python closely misses you. The ball python barely misses you.
You miss the ball python. Your squeeze misses the ball python.
The ball python barely misses you. The ball python closely misses you.
You hear some strange, mumbled words.
You are more confused.
You bump into the rock wall.
The ball python barely misses you. x2
Something hits you.
You're too confused to move!
The ball python bites you. The ball python closely misses you.
You miss the ball python. The ball python closely misses you.
The ball python barely misses you. Something hits you.
You barely miss the ball python. Your squeeze misses the ball python.
The ball python closely misses you. The ball python misses you.
The ball python barely misses you. The ball python grabs you.
The ball python constricts you. Something hits you!
* * * LOW HITPOINT WARNING * * *
You feel much better. The ball python closely misses you.
The ball python constricts you.
You feel better.
You hear some strange, mumbled words.
Something tries to affect you, but you resist.
The ball python closely misses you. The ball python constricts you.
You tentacle-slap the ball python. You grab the ball python.
The ball python is severely wounded.
You constrict the ball python.
You kill the ball python!
Something hits you!
Casting: Sting (safe; 3% risk of failure)
Confirm with . or Enter, or press ? or * to list all spells.
The spell is quite dangerous to cast (13% risk of failure)!
Continue anyway?
You begin to radiate toxic energy.
Something hits you!
* * * LOW HITPOINT WARNING * * *
Unknown command.
Your toxic aura wanes.
You see here a ball python corpse.
Found a stone staircase leading down.
A puff of flame appears from out of thin air!
The puff of flame hits you!
You die...

#### ...
#################.##.###
............{†..@......>
###############...#####.
#...# ### #...# ..#
#.#... .... #...#.# ....
......# .... ......#
....


There were no monsters in sight!

Vanquished Creatures
  A howler monkey (D:4)
  Terence (D:3)
  3 gnolls (D:3)
  4 adders
  2 worms
  4 dart slugs
  4 orcs (D:3)
  4 bats
  8 endoplasms
  2 giant cockroaches
  15 goblins
  10 hobgoblins
  3 jackals (D:2)
  4 kobolds
  A quokka (D:1)
  5 ball pythons
  4 frilled lizards
  2 rats (D:2)
77 creatures vanquished.

Notes
Turn   | Place    | Note
-------+----------+-------------------------------------------
     0 | D:1      | frimble the Octopode Venom Mage began the quest for the
                  | Orb.
     0 | D:1      | Reached XP level 1. HP: 11/11 MP: 3/3
   154 | D:1      | Reached XP level 2. HP: 5/17 MP: 1/5
   434 | D:1      | Found a faded altar of an unknown god.
  1042 | D:1      | Reached XP level 3. HP: 19/21 MP: 6/6
  1517 | D:2      | Found a basalt altar of Yredelemnul.
  2384 | D:2      | Reached XP level 4. HP: 12/27 MP: 4/7
  2954 | D:2      | Reached skill level 5 in Poison Magic
  3162 | D:3      | Learned a level 4 spell: Olgreb's Toxic Radiance
  3213 | D:3      | Reached skill level 5 in Stealth
  3256 | D:3      | Reached XP level 5. HP: 27/31 MP: 3/8
  3637 | D:3      | Noticed Terence
  3652 | D:3      | Killed Terence
  4269 | D:3      | Found an ancient bone altar of Kikubaaqudgha.
  4338 | D:4      | Noticed a black bear
  4805 | D:3      | Reached XP level 6. HP: 36/36 MP: 4/9
  4946 | D:4      | Noticed Sigmund
  4987 | D:4      | HP: 1/36 [something (13)]
  4995 | D:4      | Killed from afar by Sigmund

Illustrated notes

Levels and vault maps discovered:
D:1:      dpeg_arrival_brainrot, layout_basic, basic_ecumenical_altar
D:2:      cheibrodos_greedy_goblins, layout_basic, basic_altar
D:3:      layout_loops_ring, mainiacjoe_overflow_paths, uniq_terence
D:4:      layout_basic, mainiacjoe_overflow_swirl,
          minmay_temple_entry_statues_fountains, uniq_sigmund

Skill      XL: |  1  2  3  4  5 |
---------------+----------------+-----
Stealth        | 3 4 5 6 |  6.2
Poison Magic   | 4 5 6 |  6.0
Dodging        | |  2.1
Spellcasting   | |  2.0
Transmutations | |  1.1

Action                   |  1- 3 |  4- 6 || total
-------------------------+-------+-------++-------
Melee: Unarmed           |   100 |    82 ||   182
       Constrict         |    27 |    17 ||    44
       Tentacles         |    10 |    10 ||    20
Throw: Dart              |     3 |       ||     3
 Cast: Sting             |    32 |    37 ||    69
       Olgreb's Toxic Ra |       |     4 ||     4
  Use: Scroll            |     5 |     2 ||     7
       Potion            |       |     3 ||     3
 Stab: Sleeping          |     6 |     5 ||    11
       Distracted        |     1 |       ||     1
Armor: Skin              |     6 |     9 ||    15
Dodge: Dodged            |    64 |    83 ||   147

Table legend: (Time is in decaauts)
 A = Elapsed time spent in this place.
 B = Non-inter-level travel time spent in this place.
 C = Inter-level travel time spent in this place.
 D = Time resting spent in this place.
 E = Time spent auto-exploring this place.
 F = Levels seen in this place.
 G = Mean time per level.
                   A        B        C        D        E       F      G
               +--------+--------+--------+--------+--------+-----+--------+
         Total |   4982 |   4821 |    161 |     12 |   3951 |   4 | 1245.5 |
       Dungeon |   4982 |   4821 |    161 |     12 |   3951 |   4 | 1245.5 |
               +--------+--------+--------+--------+--------+-----+--------+

Top non-repeatable levels by time:
     D:2: 1851 daAuts
     D:1: 1517 daAuts
     D:3: 1416 daAuts
     D:4: 197 daAuts
